 Dungeon Crawl Stone Soup version 0.31.0-11-ge490571c62 (webtiles) character file.

Game seed: 17074252464163271682

54 AlmostDecent the Shield-Bearer (level 3, -3/35 HPs)
             Began as a Gnoll Fighter on Feb 4, 2024.
             Slain by a gnoll
             ... wielding a +0 flail
              (10 damage)
             ... on level 2 of the Dungeon.
             The game lasted 00:03:02 (521 turns).

AlmostDecent the Shield-Bearer (Gnoll Fighter)       Turns: 521, Time: 00:03:03

Health: -3/35      AC: 12    Str: 17    XL:     3   Next: 91%
Magic:  0/4        EV:  5    Int:  7    God:
Gold:   102        SH:  5    Dex: 11    Spells: 4/4 levels left

rFire   . . .        a - +0 war axe
rCold   . . .        c - +0 buckler
rNeg    . . .        g - +0 plate armour
rPois   .            (no helmet)
rElec   .            (no cloak)
rCorr   .            (no gloves)
SInv    .            (no boots)
Will    .....        e - amulet of guardian spirit Stlth
                     (no ring)
HPRegen 0.25/turn    (no ring)
MPRegen 0.09/turn

%: guardian spirit
@: mighty
A: fangs 1, strong nose, distributed training
a: no special abilities


You were on level 2 of the Dungeon.
You visited 1 branch of the dungeon, and saw 2 of its levels.

You collected 102 gold pieces.

Inventory:

Hand Weapons
 a - a +0 war axe (weapon)
Armour
 b - a +0 scale mail
 c - a +0 buckler (worn)
 g - a +0 plate armour (worn)
Jewellery
 e - an amulet of guardian spirit (around neck)
Scrolls
 f - a scroll of fog {unknown}
 i - a scroll of identify {unknown}
 k - a scroll of enchant armour {unknown}
 l - a scroll of teleportation {unknown}
 m - a scroll of revelation {unknown}
 n - a scroll of immolation {unknown}
Potions
 h - 2 potions of heal wounds {unknown}
 j - a potion of curing {unknown}


   Skills:
 + Level 6.5 Fighting
 + Level 1.0 Short Blades
 + Level 1.0 Long Blades
 + Level 4.6 Axes
 + Level 1.0 Maces & Flails
 + Level 1.0 Polearms
 + Level 1.0 Staves
 + Level 1.0 Ranged Weapons
 + Level 1.0 Throwing
 + Level 6.5 Armour
 + Level 1.0 Dodging
 + Level 1.0 Stealth
 + Level 6.5 Shields
 + Level 1.0 Unarmed Combat
 + Level 1.0 Spellcasting
 + Level 0.7 Conjurations
 + Level 0.7 Hexes
 + Level 0.7 Summonings
 + Level 0.7 Necromancy
 + Level 0.7 Translocations
 + Level 0.7 Fire Magic
 + Level 0.7 Ice Magic
 + Level 0.7 Air Magic
 + Level 0.7 Earth Magic
 + Level 0.7 Alchemy
 + Level 1.1 Invocations
 + Level 1.0 Evocations
 + Level 0.9 Shapeshifting


You had 4 spell levels left.
You didn't know any spells.
Your spell library contained the following spells:

 Spells                   Type           Power      Damage    Failure   Level
 Call Imp                 Summ           2%         N/A       100%        2
 Sublimation of Blood     Necr           1%         N/A       100%        2
 Summon Hydra             Summ           0%         N/A       100%        7


Dungeon Overview and Level Annotations

Branches:
Dungeon (2/15)

Altars:


Innate Abilities, Weirdness & Mutations

You have very sharp teeth.
Your uncanny sense of smell can sniff out nearby items.
Your experience applies equally to all skills.


Message History

2 gnolls come into view.
A gnoll is wielding a +0 flail of draining.
A gnoll is wielding a +0 whip and quivering a throwing net.
The gnoll shouts!
A gnoll comes into view. It is wielding a +0 flail.
The gnoll shouts!
You feel very mighty all of a sudden.
You slash the gnoll!
The gnoll is almost dead.
You block the gnoll's attack.
You barely miss the gnoll. Your bite misses the gnoll.
The gnoll is almost dead.
You hit the gnoll.
You kill the gnoll!
You hit the gnoll. The gnoll hits you with a +0 whip!
Your Short Blades skill increases to level 1!
Your Long Blades skill increases to level 1!
Your Maces & Flails skill increases to level 1!
Your Polearms skill increases to level 1!
Your Staves skill increases to level 1!
Your Ranged Weapons skill increases to level 1!
Your Throwing skill increases to level 1!
Your Dodging skill increases to level 1!
Your Stealth skill increases to level 1!
Your Unarmed Combat skill increases to level 1!
Your Spellcasting skill increases to level 1!
Your Evocations skill increases to level 1!
You barely miss the gnoll. Your bite misses the gnoll.
The gnoll is lightly wounded.
You barely miss the gnoll. The gnoll closely misses you.
The gnoll hits you with a +0 whip. x2; The gnoll hits you with a +0 flail.
You closely miss the gnoll. You completely miss the gnoll.
The gnoll hits you with a +0 flail. The gnoll hits you with a +0 whip.
You are too injured to fight recklessly!
You are too injured to fight recklessly!
You barely miss the gnoll. You closely miss the gnoll.
The gnoll hits you but does no damage. The gnoll hits you with a +0 flail.
* * * LOW HITPOINT WARNING * * *
You closely miss the gnoll. x2; The gnoll hits you but does no damage.
You block the gnoll's attack. x2; The gnoll hits you with a +0 flail!
You die...

# .. ##.###.
#########.......
..........#.....
................
.......)g........
#...@g........
##..######....
#.......#.....
#...#.........#
#...#.........#
#.............#
###..##..........
.................
..#...............


You could see 2 gnolls.

Vanquished Creatures
  A gnoll (D:2)
  3 dart slugs (D:1)
  A bat (D:1)
  2 endoplasms (D:1)
  A giant cockroach (D:1)
  2 goblins (D:1)
  4 hobgoblins (D:1)
  3 jackals (D:1)
  6 kobolds (D:1)
  A quokka (D:1)
  5 ball pythons (D:1)
  5 frilled lizards (D:1)
  3 rats (D:1)
37 creatures vanquished.

Notes
Turn   | Place    | Note
-------+----------+-------------------------------------------
     0 | D:1      | AlmostDecent the Gnoll Fighter began the quest for the Orb.
     0 | D:1      | Reached XP level 1. HP: 23/23 MP: 1/1
    76 | D:1      | Reached XP level 2. HP: 26/29 MP: 2/2
   211 | D:1      | Reached XP level 3. HP: 35/35 MP: 3/3
   353 | D:1      | Reached skill level 1 in Invocations
   518 | D:2      | Reached skill level 1 in Short Blades
   518 | D:2      | Reached skill level 1 in Long Blades
   518 | D:2      | Reached skill level 1 in Maces & Flails
   518 | D:2      | Reached skill level 1 in Polearms
   518 | D:2      | Reached skill level 1 in Staves
   518 | D:2      | Reached skill level 1 in Ranged Weapons
   518 | D:2      | Reached skill level 1 in Throwing
   518 | D:2      | Reached skill level 1 in Dodging
   518 | D:2      | Reached skill level 1 in Stealth
   518 | D:2      | Reached skill level 1 in Unarmed Combat
   518 | D:2      | Reached skill level 1 in Spellcasting
   518 | D:2      | Reached skill level 1 in Evocations
   521 | D:2      | Slain by a gnoll

Illustrated notes

Levels and vault maps discovered:
D:1:      amcnicky_arrival_blooded_trapdoor, layout_rooms, minmay_tall_x
D:2:      layout_basic, hellmonk_ecumenical_altar_blasted, columned_hall_lemuel

Skill      XL: |  1  2  3 |
---------------+----------+-----
Invocations    | 1 |  1.1
Short Blades   | 1 |  1.0
Long Blades    | 1 |  1.0
Maces & Flails | 1 |  1.0
Polearms       | 1 |  1.0
Staves         | 1 |  1.0
Ranged Weapons | 1 |  1.0
Throwing       | 1 |  1.0
Dodging        | 1 |  1.0
Stealth        | 1 |  1.0
Unarmed Combat | 1 |  1.0
Spellcasting   | 1 |  1.0
Evocations     | 1 |  1.0
Fighting       | |  6.5
Axes           | |  4.6
Armour         | |  6.5
Shields        | |  6.5
Conjurations   | |  0.7
Hexes          | |  0.7
Summonings     | |  0.7
Necromancy     | |  0.7
Translocations | |  0.7
Fire Magic     | |  0.7
Ice Magic      | |  0.7
Air Magic      | |  0.7
Earth Magic    | |  0.7
Alchemy        | |  0.7
Shapeshifting  | |  0.9

Action                     || total
---------------------------++-------
  Melee: War axe           ||    91
         Bite              ||     8
    Use: Potion            ||     1
 Armour: Plate armour      ||    94
         Scale mail        ||     3
  Dodge: Dodged            ||    22
  Block: Buckler           ||    33
